AoeStats
← Daivaso

Hill Fort

505804247Analyzed
3v3 RM · 22d ago on Sep 11, 2026· 91m 36s· 6 players
Game mode
Random Map
Map size
Normal (6 player)
Population
200
Speed
Normal
Resources
Standard
Victory
Conquest
Starting age
Dark Age
Ending age
Imperial Age
RankedLock teamsTeams togetherTeam positionsShared explorationLock speedFull tech treeHidden civsTurbo modeCheats
Victory
Defeat
🇦🇷 Romans · Argentina
748
+17
🇦🇺 Cumans · Australia
746
+17
🇦🇺 Goths · Australia
716
+18
🇨🇴 Portuguese · Colombia
796
-18
🇨🇴 Burgundians · Colombia
763
-17
🇨🇴 Chinese · Colombia
759
-17
Hachita Ludueña
10:39 Feudal Age
12:13 Double-Bit Axe
14:50 Loom
19:06 Castle Age
17:07 Horse Collar
18:24 Bloodlines
18:45 Gold Mining
18:46 Stone Mining
21:51 Bow Saw
21:40 Gold Mining
21:57 Husbandry
23:11 Heavy Plow
23:50 Gold Shaft Mining
32:08 Imperial Age
32:05 Wheelbarrow
31:23 Town Watch
33:04 Forging
32:59 Scale Barding Armor
32:36 Cavalier
35:07 Hand Cart
35:35 Iron Casting
36:36 Chain Barding Armor
38:57 Blast Furnace
38:33 Plate Barding Armor
38:45 Town Patrol
39:21 Crop Rotation
39:10 Capped Ram
41:05 Heavy Scorpion
50:01 Chemistry
49:23 Ballistics
52:25 Ballistas
56:24 Pikeman
57:07 Squires
57:43 Scale Mail Armor
57:11 Halberdier
60:13 Chain Mail Armor
62:05 Onager
71:34 Light Cavalry
75:24 Siege Ram
92:00 Comitatenses
Old Mate
11:45 Feudal Age
18:07 Double-Bit Axe
22:52 Castle Age
22:07 Bloodlines
22:36 Fletching
23:52 Wheelbarrow
24:37 Forging
26:00 Thumb Ring
28:40 Padded Archer Armor
28:37 Bodkin Arrow
31:15 Hand Cart
36:36 Imperial Age
34:14 Gold Mining
34:15 Stone Mining
34:56 Light Cavalry
36:50 Bow Saw
36:59 Steppe Husbandry
38:00 Parthian Tactics
38:17 Leather Archer Armor
38:12 Scale Barding Armor
39:06 Iron Casting
41:00 Heavy Cavalry Archer
41:10 Hussar
45:15 Ballistics
45:56 Chemistry
44:52 Murder Holes
45:08 Masonry
47:46 Caravan
48:12 Conscription
48:29 Hoardings
48:44 Ring Archer Armor
58:35 Caravan
rich_jess
0:39 Loom
14:09 Feudal Age
14:39 Double-Bit Axe
14:37 Horse Collar
15:14 Gold Mining
21:18 Stone Mining
25:28 Castle Age
23:39 Scale Barding Armor
23:35 Scale Mail Armor
23:46 Forging
23:38 Man-at-Arms
24:42 Fletching
27:56 Bow Saw
28:34 Stone Shaft Mining
28:06 Padded Archer Armor
28:24 Heavy Plow
28:06 Long Swordsman
29:28 Squires
32:08 Caravan
36:56 Anarchy
38:38 Wheelbarrow
37:50 Town Watch
43:02 Imperial Age
40:09 Pikeman
42:26 Murder Holes
42:52 Ballistics
42:51 Hand Cart
43:35 Chain Mail Armor
43:56 Iron Casting
43:38 Leather Archer Armor
45:01 Chemistry
43:38 Halberdier
45:50 Crop Rotation
45:23 Perfusion
45:45 Conscription
45:26 Bodkin Arrow
44:55 Two-Handed Swordsman
48:11 Masonry
48:17 Town Patrol
49:31 Blast Furnace
49:23 Champion
49:58 Elite Huskarl
50:41 Bracer
51:49 Ring Archer Armor
51:40 Chain Barding Armor
Slayerアンドレス
5:49 Loom
9:37 Feudal Age
9:03 Horse Collar
13:17 Double-Bit Axe
15:41 Heavy Plow
15:55 Bow Saw
15:57 Gold Mining
17:38 Wheelbarrow
18:25 Hand Cart
20:35 Hand Cart
20:50 Stone Mining
23:09 Castle Age
21:57 Forging
21:57 Scale Barding Armor
23:33 Fletching
24:25 Gold Shaft Mining
25:47 Stone Shaft Mining
25:46 Crop Rotation
26:45 Town Watch
28:09 Two-Man Saw
30:13 Iron Casting
29:59 Chain Barding Armor
30:21 Town Patrol
30:33 Cavalier
31:13 Husbandry
36:00 Padded Archer Armor
35:58 Bodkin Arrow
36:07 Scale Mail Armor
35:31 Pikeman
36:11 Squires
35:57 Arson
39:51 Chain Mail Armor
42:00 Caravan
42:11 Guilds
44:30 Leather Archer Armor
58:23 Ballistics
57:59 Murder Holes
58:15 Fortified Wall
60:03 Masonry
61:24 Burgundian Vineyards
64:53 Imperial Age
65:20 Halberdier
67:39 Paladin
69:53 Light Cavalry
72:25 Blast Furnace
72:04 Hussar
JULIAN-FIGUE
11:40 Feudal Age
12:05 Loom
12:11 Double-Bit Axe
15:10 Horse Collar
17:55 Town Watch
22:20 Castle Age
21:06 Stone Mining
23:04 Gold Mining
23:18 Heavy Plow
23:29 Bow Saw
24:37 Stone Shaft Mining
24:41 Wheelbarrow
26:07 Caravan
26:43 Scale Mail Armor
26:54 Forging
30:17 Pikeman
30:43 Arson
32:25 Gambesons
36:11 Imperial Age
34:06 Hand Cart
34:08 Chain Mail Armor
34:30 Iron Casting
34:52 Fervor
37:31 Plate Mail Armor
38:02 Blast Furnace
37:57 Elite Organ Gun
39:01 Conscription
38:46 Murder Holes
38:33 Halberdier
40:09 Arquebus
41:48 Fletching
43:25 Town Patrol
50:26 Bodkin Arrow
52:20 Gambesons
53:08 Treadmill Crane
53:48 Ballistics
54:29 Chemistry
61:22 Masonry
63:57 Husbandry
64:08 Bloodlines
63:59 Light Cavalry
79:12 Architecture
Daivaso
0:41 Loom
10:30 Feudal Age
11:46 Wheelbarrow
12:22 Double-Bit Axe
12:22 Horse Collar
22:04 Castle Age
23:17 Hand Cart
23:05 Heavy Plow
23:17 Bow Saw
23:00 Gold Mining
23:07 Town Watch
24:46 Town Patrol
26:55 Coinage
26:25 Caravan
32:01 Gold Shaft Mining
31:19 Stone Mining
38:54 Imperial Age
36:47 Masonry
37:10 Ballistics
36:42 Guard Tower
36:48 Murder Holes
37:06 Fortified Wall
38:46 Husbandry
40:10 Cavalier
42:33 Stone Shaft Mining
45:37 Elite Chu Ko Nu
48:31 Conscription
50:12 Keep
49:23 Arrowslits
50:39 Chemistry
50:11 Architecture
62:41 Banking
66:46 Scale Barding Armor
66:42 Padded Archer Armor
66:32 Fletching
79:10 Squires
78:31 Elite Fire Lancer
85:46 Pikeman
86:14 Arson
87:48 Bloodlines
86:59 Light Cavalry
87:24 Halberdier
90:59 Forging
90:49 Scale Mail Armor
Connection lost

Rejoining the realm…

Still unreachable

The connection could not be restored.

Session expired

The server has moved on; the page needs a fresh start.